 Dungeon Crawl Stone Soup version 0.31.0-1-g2c135a0 (webtiles) character file.

Game seed: 10250418929180181363

2170 Think the Nimble (level 9, -1/59 HPs)
             Began as an Octopode Fighter on Feb 26, 2024.
             Was an Initiate of Gozag.
             Slain by a gnoll sergeant
             ... wielding a +2 heavy spear
              (12 damage)
             ... on level 6 of the Dungeon.
             The game lasted 00:13:04 (7353 turns).

Think the Nimble (Octopode Fighter)                 Turns: 7353, Time: 00:13:04

Health: -1/59      AC:  1    Str: 21    XL:     9   Next: 32%
Magic:  9/9        EV: 17    Int: 11    God:    Gozag
Gold:   537        SH: 10    Dex: 15    Spells: 8/8 levels left

rFire   . . .        a - +0 long sword (freeze)
rCold   . . .        b - +0 buckler
rNeg    . . .        (helmet restricted)
rPois   .            n - amulet of reflection
rElec   .            k - +6 ring of strength
rCorr   .            (no ring)
SInv    .            (no ring)
Will    .....        (no ring)
Stlth   ++++         (no ring)
HPRegen 0.29/turn    (no ring)
MPRegen 0.11/turn    (no ring)
                     (no ring)

%: reflection
@: about to teleport
A: almost no armour, amphibious, 8 rings, camouflage 1, gelatinous body 1,
(nimble swimmer 1), tentacles
a: Renounce Religion, Potion Petition, Call Merchant, Bribe Branch


You were on level 6 of the Dungeon.
You worshipped Gozag.
Gozag was pleased with you.
You visited 2 branches of the dungeon, and saw 7 of its levels.
You also visited: Sewer.

You collected 563 gold pieces.
You paid 26 gold pieces to Gozag.

Inventory:

Hand Weapons
 a - a +0 long sword of freezing (weapon)
 u - a +0 falchion of electrocution
Missiles
 c - 3 throwing nets
 d - 62 stones (quivered)
 s - 19 poisoned darts
Armour
 b - a +0 buckler (worn)
Jewellery
 k - a +6 ring of strength (left tentacle)
 n - an amulet of reflection (around mantle)
 z - a ring of ice
Talismans
 o - a storm talisman
Wands
 m - a wand of acid (6)
Scrolls
 g - a scroll of poison
 h - a scroll of teleportation
 i - a scroll of torment
 j - a scroll of noise
 l - a scroll of brand weapon
 v - a scroll of revelation
 w - 2 scrolls of enchant weapon
 y - a scroll of summoning {unknown}
Potions
 e - a potion of berserk rage {unknown}
 f - 2 potions of brilliance
 p - 2 potions of enlightenment
 q - a potion of invisibility {unknown}
 r - a potion of resistance {unknown}
 x - 2 potions of lignification {unknown}
 A - 2 potions of attraction {unknown}


   Skills:
 + Level 4.7 Fighting
 * Level 5.4 Long Blades
 - Level 4.0 Throwing
 + Level 8.7 Dodging
 - Level 4.0 Stealth
 - Level 3.0 Shields
 + Level 2.9 Shapeshifting


You had 8 spell levels left.
You didn't know any spells.
Your spell library contained the following spells:

 Spells                   Type           Power      Damage    Failure   Level
 Ensorcelled Hibernation  Hex/Ice        0%         N/A       54%         2
 Call Canine Familiar     Summ           0%         N/A       78%         3
 Hailstorm                Conj/Ice       0%         3d5       78%         3
 Passwall                 Erth           0%         N/A       78%         3
 Sigil of Binding         Hex            0%         N/A       78%         3
 Summon Ice Beast         Ice/Summ       0%         N/A       78%         3
 Swiftness                Air            0%         N/A       78%         3
 Dimensional Bullseye     Hex/Tloc       0%         N/A       99%         4
 Manifold Assault         Tloc           0%         N/A       99%         4
 Passage of Golubria      Tloc           0%         N/A       99%         4
 Silence                  Hex/Air        0%         N/A       100%        5
 Summon Forest            Summ/Tloc      0%         N/A       100%        5
 Dispersal                Tloc           0%         N/A       100%        6
 Eringya's Noxious Bog    Alch           0%         4d6       100%        6
 Sculpt Simulacrum        Ice/Alch       0%         N/A       100%        6
 Summon Hydra             Summ           0%         N/A       100%        7
 Disjunction              Tloc           0%         N/A       100%        8
 Lehudib's Crystal Spear  Conj/Erth      0%         10d2      100%        8


Dungeon Overview and Level Annotations

Branches:
Dungeon (6/15)             Temple (1/1) D:4           Sewer (visited)

Altars:
Ashenzari
Cheibriados
Dithmenos
Gozag
Hepliaklqana
Kikubaaqudgha
Makhleb
Nemelex Xobeh
Okawaru
Qazlal
Ru
Sif Muna
Trog
Uskayaw
Vehumet
Wu Jian
Xom
Yredelemnul
The Shining One

Annotations:
D:1 exclusion: door


Innate Abilities, Weirdness & Mutations

You cannot wear most types of armour.
You are amphibious.
You can wear up to eight rings at the same time.
Your skin changes colour to match your surroundings (Stealth+).
Your rubbery body absorbs attacks. (AC +1, EV +1)
((You are camouflaged when in or above water. (Stealth+)))
You have tentacles for arms and can constrict up to eight enemies at once.


Message History

Things that are here:
10 gold pieces; a +0 club You hit the gnoll.
You freeze the gnoll. You grab the gnoll.
The gnoll is moderately wounded.
You constrict the gnoll. The gnoll barely misses you.
You hit the gnoll. You freeze the gnoll. You squeeze the gnoll.
You kill the gnoll!
Things that are here:
9 gold pieces; a +0 flail You block the gnoll sergeant's attack.
You hit the gnoll sergeant but do no damage.
Your grab misses the gnoll sergeant.
The gnoll sergeant hits you with a +2 heavy spear!
You hit the gnoll sergeant but do no damage.
Your grab misses the gnoll sergeant.
The gnoll sergeant hits you with a +2 heavy spear!
You hit the gnoll sergeant but do no damage.
You grab the gnoll sergeant. You constrict the gnoll sergeant.
You hit the gnoll sergeant. You freeze the gnoll sergeant.
The gnoll sergeant is moderately wounded.
You constrict the gnoll sergeant.
The gnoll sergeant hits you with a +2 heavy spear!
* * * LOW HITPOINT WARNING * * *
You hit the gnoll sergeant but do no damage.
The gnoll sergeant is moderately wounded.
You constrict the gnoll sergeant. You block the gnoll sergeant's attack.
You feel better.
You constrict the gnoll sergeant.
The gnoll sergeant hits you with a +2 heavy spear!!
* * * LOW HITPOINT WARNING * * *
Okay, then.
Okay, then.
Okay, then.
Okay, then.
Okay, then.
As you read the scroll of teleportation, it crumbles to dust.
You feel strangely unstable.
You constrict the gnoll sergeant.
You feel better.
You constrict the gnoll sergeant.
The gnoll sergeant hits you with a +2 heavy spear!
You die...
Your body crumbles into a pile of gold.

#....................
##................>.....
#..#..........#.......#
#...#..........#.......#
.......................#
...##..#....(...........
...##..##...?...........
... #..#.........g......
#...........@.....#
..###.#........#.## .
##....$...## ##...$...##
.##........#
......?...#.##
......#(..#..#
..##..##..#.## # .
#..##..#.# .


You could see a gnoll sergeant.

Vanquished Creatures
  Sigmund (D:2)
  An orc warrior (D:5)
  2 ice beasts (D:6)
  A black bear (D:5)
  2 ogres
  2 phantoms
  2 kobold brigands (Sewer)
  A bullfrog (D:6)
  4 scorpions
  A howler monkey (D:4)
  A hound (D:4)
  2 orc priests (D:5)
  3 bombardier beetles (D:5)
  4 iguanas
  12 orc wizards
  2 adders (D:4)
  3 gnolls (D:6)
  2 river rats
  2 ufetubi (D:6)
  5 dart slugs
  3 ribbon worms
  40 orcs
  8 ball pythons
  8 bats
  4 endoplasms
  4 giant cockroaches
  9 goblins
  7 hobgoblins
  6 quokkas
  2 frilled lizards (D:1)
  13 kobolds
  14 rats
171 creatures vanquished.

Notes
Turn   | Place    | Note
-------+----------+-------------------------------------------
     0 | D:1      | Think the Octopode Fighter began the quest for the Orb.
     0 | D:1      | Reached XP level 1. HP: 16/16 MP: 1/1
   197 | D:1      | Reached XP level 2. HP: 17/21 MP: 2/2
   853 | D:1      | Reached skill level 4 in Dodging
   960 | D:1      | Reached XP level 3. HP: 26/26 MP: 3/3
  1587 | D:2      | Noticed Sigmund
  1598 | D:2      | Killed Sigmund
  1599 | D:2      | Reached skill level 6 in Dodging
  1599 | D:2      | Reached XP level 4. HP: 27/31 MP: 4/4
  1599 | D:2      | Reached XP level 5. HP: 32/36 MP: 5/5
  1776 | D:3      | Reached XP level 6. HP: 39/42 MP: 6/6
  2127 | D:3      | Reached skill level 7 in Dodging
  2468 | D:3      | Found a glowing drain.
  2473 | Sewer    | Entered a sewer
  2597 | Sewer    | Reached skill level 8 in Dodging
  2597 | Sewer    | Reached XP level 7. HP: 16/46 MP: 7/7
  2834 | Sewer    | Found a white marble altar of Elyvilon.
  2913 | D:3      | Reached skill level 1 in Stealth
  3853 | D:4      | Reached skill level 1 in Throwing
  3962 | D:4      | Found a burning altar of Makhleb.
  3962 | D:4      | Noticed an Executioner
  4102 | D:4      | Found a staircase to the Ecumenical Temple.
  4115 | Temple   | Entered the Ecumenical Temple
  4145 | Temple   | Became a worshipper of Gozag Ym Sagoz the Greedy
  4183 | D:4      | Reached skill level 1 in Shapeshifting
  4367 | D:4      | Reached XP level 8. HP: 36/52 MP: 8/8
  4981 | D:5      | Entered Level 5 of the Dungeon
  5641 | D:5      | Found a broken altar of Ashenzari.
  6431 | D:6      | Reached XP level 9. HP: 58/58 MP: 9/9
  6449 | D:6      | Identified the +1 robe of Cyamuset {+Blink Will++ Archmagi}
  7025 | D:6      | Reached skill level 5 in Long Blades
  7353 | D:6      | Slain by a gnoll sergeant

Illustrated notes

Levels and vault maps discovered:
D:1:      dpeg_arrival_morbid_curiosity, layout_loops_ring,
          corexii_hall_statues_deadend, chequers_serial_rivers_micro_d,
          chequers_garden, hangedman_decor_riveting, item_on_display_a
D:2:      layout_loops_cross, uniq_sigmund
D:3:      layout_rooms, portal_sewer_entry_e, serial_co_window_serial,
          co_window_corner_a, co_window_paths_a, co_window_corner_a,
          co_window_paths_a, co_window_of_opportunity_a, co_window_paths_a,
          co_window_paths_b, co_window_paths_a, co_window_paths_a,
          co_window_unsneaky_path_d, co_window_of_opportunity_c,
          co_window_broadway_a, co_window_corner_b, co_window_2corner,
          co_window_unsneaky_path_a, co_window_cross_3, glass_columns_c,
          glass_columns_c, glass_columns_a, glass_columns_b
D:4:      layout_basic, makhleb_altar_promises_db, minmay_temple_entry_slanted,
          hangedman_glass_garden, feat_on_display
D:5:      layout_cave_pools, cheibrodos_ashenzari_chains
D:6:      layout_layer_cave, minmay_diced_spiral, uniq_menkaure
Temple:   bh_familiar_temple

Skill      XL: |  1  2  3  4  5  6  7  8  9 |
---------------+----------------------------+-----
Dodging        | 4 6 8 |  8.7
Stealth        | 2 4 |  4.0
Throwing       | 1 3 4 |  4.0
Shapeshifting  | 1 2 |  2.9
Long Blades    | 3 4 5 |  5.4
Fighting       | 4 |  4.7
Shields        | |  3.0

Action                     |  1- 3 |  4- 6 |  7- 9 || total
---------------------------+-------+-------+-------++-------
  Melee: Long sword        |    75 |    80 |   156 ||   311
         Constrict         |    20 |    25 |    56 ||   101
         Tentacles         |    16 |    13 |    48 ||    77
         Punch             |       |       |     5 ||     5
         Falchion          |       |       |    33 ||    33
  Throw: Stone             |     4 |       |    10 ||    14
  Evoke: Wand              |       |       |     4 ||     4
    Use: Potion            |       |     1 |     6 ||     7
         Scroll            |       |       |    10 ||    10
   Stab: Sleeping          |     6 |     3 |    11 ||    20
 Armour: Skin              |    27 |    43 |    93 ||   163
  Dodge: Dodged            |    38 |    50 |   104 ||   192
  Block: Buckler           |    12 |    16 |    57 ||    85
